AoeStats
← Baldassarre Cossa

Black Forest

507016602Analyzed
4v4 RM · 15d ago on Sep 16, 2026· 45m 17s· 8 players
Game mode
Random Map
Map size
Large (8 player)
Population
200
Speed
Normal
Resources
Standard
Victory
Conquest
Starting age
Dark Age
Ending age
Imperial Age
RankedLock teamsTeams togetherTeam positionsShared explorationLock speedFull tech treeHidden civsTurbo modeCheats
Victory
Defeat
🇮🇳 Franks · India
877
+4
🇸🇰 Khitans · Slovakia
808
+6
🇦🇷 Mongols · Argentina
642
+10
🇨🇳 Japanese · China
627
+10
🇹🇼 Vietnamese · Taiwan
589
-10
🇭🇰 Britons · Hong Kong SAR China
526
-7
🇲🇽 Khmer · Mexico
526
-7
🇨🇿 Teutons · Czechia
478
-6
Porowy
1:23 Loom
10:20 Feudal Age
13:14 Wheelbarrow
13:25 Double-Bit Axe
14:09 Town Watch
15:16 Horse Collar
23:27 Castle Age
24:49 Town Patrol
26:34 Heavy Plow
26:45 Gold Mining
34:31 Imperial Age
33:07 Hand Cart
35:10 Light Cavalry
35:51 Husbandry
36:02 Bloodlines
39:34 Bow Saw
Baldassarre Cossa
0:48 Loom
21:53 Feudal Age
23:24 Horse Collar
23:36 Gold Mining
23:36 Stone Mining
23:38 Double-Bit Axe
24:31 Wheelbarrow
Queen
0:32 Loom
12:09 Feudal Age
13:47 Wheelbarrow
12:56 Horse Collar
13:11 Stone Mining
13:13 Gold Mining
13:15 Double-Bit Axe
21:55 Gold Mining
25:50 Castle Age
27:33 Hand Cart
27:22 Heavy Plow
27:35 Bow Saw
28:04 Gold Shaft Mining
28:15 Pikeman
38:20 Imperial Age
39:00 Husbandry
38:21 Light Cavalry
38:22 Cavalier
38:32 Halberdier
39:37 Forging
39:27 Scale Mail Armor
39:34 Scale Barding Armor
39:19 Fletching
39:30 Padded Archer Armor
39:27 Guard Tower
39:23 Arrowslits
39:44 Siphons
40:40 Chemistry
39:32 Heated Shot
40:02 Ballistics
40:12 Elite Longbowman
43:01 Conscription
44:32 Warwolf
45:17 Iron Casting
iiiqq-qwzaa---q
14:06 Feudal Age
14:59 Double-Bit Axe
16:07 Horse Collar
19:00 Wheelbarrow
18:36 Stone Mining
24:57 Castle Age
23:20 Padded Archer Armor
23:43 Gold Mining
26:23 Bow Saw
26:52 Stone Shaft Mining
26:24 Heavy Plow
29:04 Fletching
31:29 Hand Cart
31:46 Bodkin Arrow
35:47 Imperial Age
33:48 Elite Skirmisher
35:01 Leather Archer Armor
35:25 Crossbowman
36:53 Imperial Skirmisher
37:41 Chatras
38:48 Two-Man Saw
38:03 Bracer
38:33 Ring Archer Armor
38:13 Scale Barding Armor
37:59 Elite Fire Lancer
39:36 Chain Barding Armor
39:26 Caravan
Busonada-2017
1:10 Loom
13:02 Feudal Age
18:08 Castle Age
16:33 Fletching
20:19 Wheelbarrow
22:11 Double-Bit Axe
27:19 Hand Cart
27:56 Caravan
28:26 Coinage
28:49 Domestication
33:53 Imperial Age
31:10 Town Watch
31:40 Fortified Wall
32:29 Lamellar Armor
33:53 Squires
33:39 Arson
33:40 Gambesons
34:50 Gold Mining
34:50 Stone Mining
35:44 Banking
35:25 Guilds
36:29 Town Patrol
39:12 Padded Archer Armor
39:08 Bodkin Arrow
39:13 Scale Mail Armor
39:24 Forging
39:20 Padded Archer Armor
39:16 Bodkin Arrow
39:52 Ballistics
40:33 Chemistry
39:29 Murder Holes
39:26 Heated Shot
39:54 Heavy Rocket Cart
41:21 Elite Liao Dao
42:14 Thumb Ring
43:33 Bow Saw
44:58 Leather Archer Armor
44:44 Bracer
45:01 Chain Mail Armor
45:22 Iron Casting
44:53 Scale Barding Armor
Balasar
5:55 Loom
13:54 Feudal Age
15:00 Double-Bit Axe
15:52 Wheelbarrow
21:23 Fishing Lines
22:42 Stone Mining
22:43 Gold Mining
27:05 Castle Age
26:26 Horse Collar
29:23 Bow Saw
34:04 Imperial Age
33:31 Nomads
33:39 Gillnets
34:09 Heavy Plow
35:00 Fletching
35:36 Padded Archer Armor
35:38 Bodkin Arrow
36:31 Caravan
37:20 Town Watch
37:43 Elite Mangudai
38:44 Conscription
39:45 Hand Cart
40:26 Bracer
41:21 Gold Shaft Mining
41:13 Ballistics
41:54 Chemistry
44:43 Leather Archer Armor
44:38 Scale Barding Armor
46:12 Drill
PAPA VIPER
1:15 Loom
11:48 Feudal Age
12:47 Double-Bit Axe
13:13 Gold Mining
16:54 Castle Age
14:51 Gold Mining
16:02 Wheelbarrow
21:49 Bow Saw
26:12 Hand Cart
31:27 Imperial Age
30:38 Forging
30:33 Scale Barding Armor
30:31 Squires
30:19 Arson
30:19 Gambesons
30:21 Town Watch
31:23 Town Patrol
32:32 Iron Casting
32:06 Husbandry
32:04 Cavalier
33:11 Chain Barding Armor
34:25 Blast Furnace
33:27 Murder Holes
34:58 Caravan
35:39 Plate Barding Armor
35:36 Chivalry
36:13 Hoardings
35:15 Paladin
38:37 Fletching
43:48 Chivalry
44:24 Hoardings
45:46 Bodkin Arrow
45:51 Padded Archer Armor
45:52 Scale Mail Armor
诺
0:50 Loom
14:01 Feudal Age
21:49 Castle Age
20:06 Double-Bit Axe
20:17 Horse Collar
20:29 Gold Mining
23:20 Bow Saw
24:54 Fletching
27:19 Bodkin Arrow
33:02 Forging
32:52 Scale Mail Armor
35:21 Wheelbarrow
34:58 Heavy Plow
40:06 Imperial Age
37:53 Hand Cart
38:24 Yasama
39:09 Iron Casting
38:49 Chain Mail Armor
39:19 Guard Tower
39:42 Masonry
39:40 Arson
39:55 Squires
40:42 Chain Mail Armor
40:27 Padded Archer Armor
42:07 Keep
42:33 Chemistry
41:55 Ballistics
41:41 Siege Engineers
41:41 Bracer
42:41 Blast Furnace
42:11 Plate Mail Armor
42:38 Arrowslits
43:28 Elite Samurai
46:17 Plate Mail Armor
46:02 Leather Archer Armor
Connection lost

Rejoining the realm…

Still unreachable

The connection could not be restored.

Session expired

The server has moved on; the page needs a fresh start.